 Dungeon Crawl Stone Soup version 0.30-a0-782-ge64f9170bb (webtiles) character file.

Game seed: 14217600974175827277

277 mopl the Shooter (level 6, 0/38 HPs)
             Began as an Octopode Hexslinger on Mar 6, 2023.
             Slain by a scorpion (7 damage)
             ... on level 3 of the Dungeon.
             The game lasted 00:04:16 (2865 turns).

mopl the Shooter (Octopode Hexslinger)              Turns: 2865, Time: 00:04:17

Health: 0/38       AC:  1    Str:  9    XL:     6   Next: 26%
Magic:  10/10      EV: 13    Int: 16    God:
Gold:   176        SH:  0    Dex: 14    Spells: 9/10 levels left

rFire   + . .      SeeInvis .    b - +2 dagger (elec)
rCold   . . .      Faith    .    (no shield)
rNeg    . . .      Spirit   .    (helmet restricted)
rPois   .          Reflect  .    (no amulet)
rElec   .          Harm     .    r - ring of protection from fire
rCorr   .          Rampage  .    (no ring)
Will    .....                    (no ring)
Stlth   ++                       (no ring)
HPRegen 0.26/turn                (no ring)
MPRegen 0.12/turn                (no ring)
                                 (no ring)
                                 (no ring)

@: no status effects
A: almost no armour, amphibious, 8 rings, camouflage 1, gelatinous body 1,
(nimble swimmer 1), tentacles
a: no special abilities


You were on level 3 of the Dungeon.
You visited 1 branch of the dungeon, and saw 4 of its levels.

You collected 176 gold pieces.

Inventory:

Hand Weapons
 a - a +1 sling
 b - a +2 dagger of electrocution (weapon)
Missiles
 f - 10 poisoned darts
 n - 2 silver boomerangs
Jewellery
 r - a ring of protection from fire (left tentacle)
Scrolls
 d - a scroll of amnesia {unknown}
 e - 3 scrolls of teleportation {unknown}
 g - 4 scrolls of identify {unknown}
 i - 2 scrolls of poison
 l - a scroll of butterflies {unknown}
 p - 2 scrolls of blinking {unknown}
 q - a scroll of magic mapping {unknown}
Potions
 c - 3 potions of heal wounds {unknown}
 h - 2 potions of might {unknown}
 j - a potion of lignification {unknown}
 k - 2 potions of curing {unknown}
 m - a potion of degeneration {unknown}
 o - a potion of attraction {unknown}


   Skills:
 - Level 1.0 Fighting
 * Level 4.7 Ranged Weapons
 - Level 2.0 Dodging
 + Level 2.7 Spellcasting
 + Level 4.2 Hexes


You had 9 spell levels left.
You knew the following spells:

 Your Spells              Type           Power      Damage    Failure   Level
a - Slow                  Hex            60%        N/A       3%          1

Your spell library contained the following spells:

 Spells                   Type           Power      Damage    Failure   Level
 Shock                    Conj/Air       8%         1d3       19%         1
 Inner Flame              Hex/Fire       8%         N/A       24%         3
 Portal Projectile        Hex/Tloc       16%        N/A       24%         3
 Cause Fear               Hex            7%         N/A       32%         4
 Swiftness                Air            2%         N/A       50%         3
 Airstrike                Air            1%         2d(1-17)  88%         4


Dungeon Overview and Level Annotations

Branches:
Dungeon (4/15)
 Temple: D:4-7

Altars:
Ashenzari
Elyvilon
Kikubaaqudgha
Ru
Uskayaw
The Shining One


Innate Abilities, Weirdness & Mutations

You cannot wear most types of armour.
You are amphibious.
You can wear up to eight rings at the same time.
Your skin changes colour to match your surroundings (Stealth+).
Your rubbery body absorbs attacks. (AC +1, EV +1)
((You are camouflaged when in or above water. (Stealth+)))
You have tentacles for arms and can constrict up to eight enemies at once.


Message History

The scorpion stings you!
You hear the crackle of electricity.
b - a +2 dagger of electrocution (weapon)
The hound bites you.
You barely miss the hound. Your grab misses the hound.
The hound is moderately wounded.
The hound bites you.
You barely miss the hound. Your grab misses the hound.
The hound is moderately wounded.
The hound bites you. The hound misses you.
You hit the hound. Your grab misses the hound. You squeeze the hound.
The hound is severely wounded.
The hound bites you.
You hit the hound. Lightning courses through the hound!
You kill the hound!
The ball python bites you. The ball python barely misses you.
You see here a hobgoblin corpse.
The ball python attacks as you move away!
The ball python bites you.
Found a scroll labelled MYBAGI SU YNGA.
You see here a ball python corpse.
The ball python bites you. The ball python grabs you.
The ball python constricts you.
* * * LOW HITPOINT WARNING * * *
You escape the ball python's grasp.
The scorpion attacks as you move away! The scorpion completely misses you.
There is a stone staircase leading up here.
The scorpion stings you but does no damage.
You climb upwards.
There is a stone staircase leading down here.
You hit the scorpion but do no damage. You grab the scorpion.
You squeeze the scorpion.
The scorpion is lightly wounded.
You constrict the scorpion, but do no damage.
The scorpion stings you.
* * * LOW HITPOINT WARNING * * *
Okay, then.
You hit the scorpion.
The scorpion is lightly wounded.
You constrict the scorpion. The scorpion stings you!
You die...

#.#.# ..#.# .<#.#
..#.# #.#.# ..#.#
###.##############
....#............#
................@#
#####..........s.#
#####............#
....#.....#...##.#
..............##.#
.....###......##.#
.#...###.....###.#
.............# #.#
..>#####.....# #.#


You could see a scorpion.

Vanquished Creatures
  A hound (D:4)
  An orc priest (D:3)
  A jelly (D:3)
  2 orc wizards
  Robin (D:2)
  An adder (D:3)
  A gnoll (D:1)
  A worm (D:3)
  3 dart slugs (D:1)
  8 orcs
  4 endoplasms
  A giant cockroach (D:1)
  15 goblins
  16 hobgoblins
  2 jackals (D:1)
  2 quokkas
  8 ball pythons
  8 bats
  A frilled lizard (D:3)
  11 kobolds
  8 rats
96 creatures vanquished.

Notes
Turn   | Place    | Note
-------+----------+-------------------------------------------
     0 | D:1      | mopl the Octopode Hexslinger began the quest for the Orb.
     0 | D:1      | Reached XP level 1. HP: 13/13 MP: 2/2
    75 | D:1      | Reached XP level 2. HP: 18/18 MP: 3/3
   334 | D:1      | Reached XP level 3. HP: 23/23 MP: 3/5
   538 | D:1      | Reached skill level 3 in Ranged Weapons
   591 | D:1      | Found a faded altar of an unknown god.
  1067 | D:2      | Reached XP level 4. HP: 28/28 MP: 6/6
  1447 | D:2      | Reached skill level 2 in Spellcasting
  1479 | D:2      | Noticed Robin
  1757 | D:2      | Killed Robin
  1758 | D:2      | Reached XP level 5. HP: 27/33 MP: 8/8
  1877 | D:3      | Found a broken altar of Ashenzari.
  2058 | D:3      | Found an ancient bone altar of Kikubaaqudgha.
  2105 | D:3      | Reached skill level 4 in Ranged Weapons
  2124 | D:3      | Found a white marble altar of Elyvilon.
  2134 | D:3      | Found a hide-covered altar of Uskayaw.
  2415 | D:3      | Reached skill level 4 in Hexes
  2434 | D:3      | Reached XP level 6. HP: 26/38 MP: 9/9
  2522 | D:3      | Found a sacrificial altar of Ru.
  2522 | D:3      | Found a glowing golden altar of the Shining One.
  2865 | D:3      | Slain by a scorpion

Illustrated notes

Levels and vault maps discovered:
D:1:      scummos_arrival_simple_fountains, layout_loops_ring,
          hellmonk_ecumenical_altar_heavens_door
D:2:      layout_rooms, amcnicky_mini_pool_small, grunt_ministairs_3,
          kennysheep_generic_room_11, uniq_robin
D:3:      layout_basic, ashenzari_altar_1, amethyst_overflow_temple_binary,
          mainiacjoe_overflow_surrounded_room,
          mainiacjoe_overflow_catwalk_spiral
D:4:      layout_loops_ring, tgw_sif, grunt_gozag_statues, serial_shops, shop,
          kennysheep_dice

Skill      XL: |  1  2  3  4  5 |
---------------+----------------+-----
Ranged Weapons | 3 4 |  4.7
Spellcasting   | 2 |  2.7
Hexes          | 4 |  4.2
Fighting       | |  1.0
Dodging        | |  2.0

Action                     |  1- 3 |  4- 6 || total
---------------------------+-------+-------++-------
  Melee: Dagger            |     2 |    36 ||    38
         Constrict         |     1 |     9 ||    10
         Tentacles         |       |    10 ||    10
         Punch             |       |     1 ||     1
   Fire: Sling             |   124 |   150 ||   274
   Cast: Slow              |     1 |     2 ||     3
   Stab: Sleeping          |       |     1 ||     1
 Armour: Skin              |     3 |     3 ||     6
  Dodge: Dodged            |    42 |    64 ||   106

Table legend: (Time is in decaauts)
 A = Elapsed time spent in this place.
 B = Non-inter-level travel time spent in this place.
 C = Inter-level travel time spent in this place.
 D = Time resting spent in this place.
 E = Time spent auto-exploring this place.
 F = Levels seen in this place.
 G = Mean time per level.
                   A        B        C        D        E       F      G
               +--------+--------+--------+--------+--------+-----+--------+
         Total |   2921 |   2764 |    157 |    571 |   1578 |   4 |  730.2 |
       Dungeon |   2921 |   2764 |    157 |    571 |   1578 |   4 |  730.2 |
               +--------+--------+--------+--------+--------+-----+--------+

Top non-repeatable levels by time:
     D:1: 1144 daAuts
     D:3: 900 daAuts
     D:2: 771 daAuts
     D:4: 105 daAuts
